 Dungeon Crawl Stone Soup version 0.30-a0-930-gb9d0489357 (webtiles) character file.

Game seed: 13399501423463568276

44 garo1102 the Digger (level 3, -1/20 HPs)
             Began as a Gargoyle Earth Elementalist on Mar 23, 2023.
             Slain by Robin
             ... wielding a +0 trident
              (6 damage)
             ... on level 2 of the Dungeon.
             The game lasted 00:06:20 (1663 turns).

garo1102 the Digger (Gargoyle Earth Elementalist)   Turns: 1663, Time: 00:06:20

Health: -1/20      AC:  6    Str: 11    XL:     3   Next: 62%
Magic:  6/6        EV: 12    Int: 17    God:
Gold:   114        SH:  0    Dex: 10    Spells: 5/6 levels left

rFire   . . .      SeeInvis .    f - +0 dagger
rCold   . . .      Faith    .    (no shield)
rNeg    + . .      Spirit   .    a - +0 robe
rPois   ∞          Reflect  .    (no helmet)
rElec   +          Rampage  .    (no cloak)
rCorr   .          Clarity  +    (no gloves)
Will    .....                    h - +0 pair of boots
Stlth   ++                       (no amulet)
HPRegen 0.23/turn                (no ring)
MPRegen 0.10/turn                (no ring)

@: no status effects
A: sickness immunity, AC +3, negative energy resistance 1, electricity
resistance, torment resistance 1, petrification resistance, clarity
a: no special abilities


You were on level 2 of the Dungeon.
You visited 1 branch of the dungeon, and saw 2 of its levels.

You collected 114 gold pieces.

Inventory:

Hand Weapons
 f - a +0 dagger (weapon)
 k - a +0 rapier of holy wrath
Armour
 a - a +0 robe (worn)
 h - a +0 pair of boots (worn)
Jewellery
 n - a ring of fire
Scrolls
 d - 2 scrolls of identify {unknown}
 i - 2 scrolls of teleportation {unknown}
 m - a scroll of vulnerability {unknown}
Potions
 e - a potion of haste {unknown}
 g - a potion of curing {unknown}
 j - a potion of might {unknown}
 l - a potion of invisibility {unknown}


   Skills:
 + Level 1.2 Fighting
 + Level 2.0 Dodging
 + Level 2.8 Stealth
 + Level 2.3 Spellcasting
 - Level 1.0 Transmutations
 + Level 4.0 Earth Magic


You had 5 spell levels left.
You knew the following spells:

 Your Spells              Type           Power      Damage    Failure   Level
a - Sandblast             Erth           30%        2d9       3%          1

Your spell library contained the following spells:

 Spells                   Type           Power      Damage    Failure   Level
 Passwall                 Tmut/Erth      8%         N/A       10%         2
 Stone Arrow              Conj/Erth      16%        3d8       24%         3
 Petrify                  Tmut/Erth      10%        N/A       54%         4


Dungeon Overview and Level Annotations

Branches:
Dungeon (2/15)

Altars:

Shops:
D:1 [

Annotations:
D:2 Robin


Innate Abilities, Weirdness & Mutations

You are immune to sickness and miasma.
Your stone body is resilient. (AC +3)
You are immune to poison.
You resist negative energy. (rN+)
You are resistant to electric shocks. (rElec)
You are resistant to unholy torment.
You are immune to petrification.
You possess an exceptional clarity of mind.


Message History

You kill the goblin!
Robin barely misses you. Robin hits you but does no damage.
The goblin barely misses you. The goblin attacks as you move away!
The goblin closely misses you. The goblin attacks as you move away!
The goblin hits you with a +0 club. The goblin attacks as you move away!
The goblin hits you but does no damage.
The goblin no longer looks unusually strong.
The goblin attacks as you move away! The goblin hits you but does no damage.
Robin roars a battlecry!
The goblin goes into a battle-frenzy!
The goblin no longer looks unusually strong.
Robin throws the goblin at you! The goblin hits you but does no damage.
You closely miss the goblin.
The hobgoblin no longer looks unusually strong.
The goblin closely misses you. The goblin barely misses you.
You hit the goblin.
The goblin is heavily wounded.
Robin points. "Kill!"
The goblin hits you but does no damage. The goblin hits you with a +0 club.
You hit the goblin but do no damage.
The goblin is heavily wounded.
The goblin closely misses you. The goblin misses you.
You hit the goblin.
The goblin is severely wounded.
The goblin completely misses you. The goblin misses you.
You closely miss the goblin.
The goblin is severely wounded.
Robin misses you. The goblin misses you.
The goblin hits you but does no damage.
You hit the goblin.
The goblin is almost dead.
Robin hits you from afar with a +0 trident.
The goblin hits you but does no damage. The goblin hits you with a +0 club.
* * * LOW HITPOINT WARNING * * *
Magic courses through your body. The goblin completely misses you.
The goblin closely misses you.
It was a potion of mutation.
You feel extremely strange.
Your thoughts seem clearer.
Robin hits you from afar with a +0 trident.
You die...

#.#.# #...# #########. #.#.#
#.g.# #. . # #.#.###gg.#####
########. ..#.##..(..g........
......... #.......g###...#####
########. #.....[..# #####
####### #. #........# #.....#
#.
.....###.##########.....######.
..... #...ggg@g.............##
.... ####.g######.....####.##
.. #..# #............ #..#
#............ #..#
######..†.... #..# #.......
...# #....... ...# #####.##
....# #...


You could see Robin, a hobgoblin and 3 goblins.

Vanquished Creatures
  An adder (D:2)
  6 ball pythons
  4 bats
  3 endoplasms (D:1)
  A giant cockroach (D:1)
  9 goblins
  2 hobgoblins
  2 quokkas
  A frilled lizard (D:1)
  A rat (D:1)
30 creatures vanquished.

Notes
Turn   | Place    | Note
-------+----------+-------------------------------------------
     0 | D:1      | garo1102 the Gargoyle Earth Elementalist began the quest
                  | for the Orb.
     0 | D:1      | Reached XP level 1. HP: 10/10 MP: 3/3
    88 | D:1      | Found Mutuhah's Antique Armour Emporium.
   352 | D:1      | Reached skill level 1 in Transmutations
   352 | D:1      | Reached XP level 2. HP: 16/16 MP: 0/5
  1380 | D:2      | Reached XP level 3. HP: 20/20 MP: 4/6
  1508 | D:2      | Reached skill level 1 in Fighting
  1531 | D:2      | Found a faded altar of an unknown god.
  1554 | D:2      | Reached skill level 4 in Earth Magic
  1629 | D:2      | Noticed Robin
  1663 | D:2      | Gained mutation: You possess an exceptional clarity of
                  | mind. [potion of mutation]
  1663 | D:2      | Slain by Robin

Illustrated notes

Levels and vault maps discovered:
D:1:      dpeg_arrival_arbitrary_b, layout_basic, serial_shops, shop,
          st_stairs_8, chequers_serial_rivers_room_b, minmay_heptomino_w4
D:2:      layout_basic, basic_ecumenical_altar, uniq_robin

Skill      XL: |  1  2  3 |
---------------+----------+-----
Transmutations | 1 |  1.0
Fighting       | 1 |  1.2
Earth Magic    | 4 |  4.0
Dodging        | 2 |  2.0
Stealth        | |  2.8
Spellcasting   | |  2.3

Action                     || total
---------------------------++-------
  Melee: Dagger            ||    18
   Cast: Sandblast         ||    36
    Use: Potion            ||     2
   Stab: Sleeping          ||     1
 Armour: Robe              ||    24
  Dodge: Dodged            ||    34

Table legend: (Time is in decaauts)
 A = Elapsed time spent in this place.
 B = Non-inter-level travel time spent in this place.
 C = Inter-level travel time spent in this place.
 D = Time resting spent in this place.
 E = Time spent auto-exploring this place.
 F = Levels seen in this place.
 G = Mean time per level.
                   A        B        C        D        E       F      G
               +--------+--------+--------+--------+--------+-----+--------+
         Total |   1682 |   1644 |     38 |     43 |   1361 |   2 |  841.0 |
       Dungeon |   1682 |   1644 |     38 |     43 |   1361 |   2 |  841.0 |
               +--------+--------+--------+--------+--------+-----+--------+

Top non-repeatable levels by time:
     D:1: 1224 daAuts
     D:2: 457 daAuts
